 Dungeon Crawl Stone Soup version 0.29.1-1-gd02db6906a (webtiles) character file.

Game seed: 5052758517381660597

1311 melkoren the Cleaver (level 8, -3/71 HPs)
             Began as a Minotaur Berserker on Oct 16, 2022.
             Was a Priest of Trog.
             Slain by a sky beast (4 damage)
             ... on level 6 of the Dungeon.
             The game lasted 00:09:13 (5462 turns).

melkoren the Cleaver (Minotaur Berserker)           Turns: 5462, Time: 00:09:14

Health: -3/71      AC: 10    Str: 21    XL:     8   Next: 32%
Magic:  7/7        EV:  9    Int:  4    God:    Trog [***...]
Gold:   308        SH:  0    Dex: 13    Spells: 7/7 levels left

rFire   . . .      SeeInvis .   a - +0 hand axe (venom)
rCold   . . .      Faith    .   (no shield)
rNeg    . . .      Spirit   .   n - +0 chain mail
rPois   .          Reflect  .   (helmet restricted)
rElec   .          Harm     .   (no cloak)
rCorr   .          Rampage  .   (no gloves)
Will    .....                   (no boots)
Stlth   ..........              g - amulet of regeneration
HPRegen 1.01/turn               (no ring)
MPRegen 0.10/turn               (no ring)

@: silenced, on berserk cooldown, slowed, very slow
A: horns 2, retaliatory headbutt
a: Renounce Religion


You were on level 6 of the Dungeon.
You worshipped Trog.
Trog was most pleased with you.
You visited 1 branch of the dungeon, and saw 6 of its levels.

You collected 308 gold pieces.

Inventory:

Hand Weapons
 a - a +0 hand axe of venom (weapon)
 j - a +0 flail of draining
 m - a +2 antimagic hand axe
Armour
 n - a +0 chain mail (worn)
Jewellery
 g - an amulet of regeneration (around neck)
 h - a ring of magical power
Wands
 k - a wand of iceblast (9)
 l - a wand of acid (8)
Scrolls
 d - 2 scrolls of identify
 f - a scroll of silence
 i - a scroll of fear {unknown}
Potions
 b - 3 potions of heal wounds {unknown}
 c - 4 potions of berserk rage


   Skills:
 + Level 6.5 Fighting
 * Level 8.4 Axes
 + Level 6.0 Armour
 + Level 5.3 Dodging


You had 7 spell levels left.
You didn't know any spells.
Your spell library was empty.

Dungeon Overview and Level Annotations

Branches:
Dungeon (6/15)             Temple (0/1) D:4

Altars:
Dithmenos
Gozag
Trog


Innate Abilities, Weirdness & Mutations

You have a pair of horns on your head.
You reflexively headbutt those who attack you in melee.


Message History

Okay, then.
A wight comes into view. It is wielding a +4 dagger of flaming.
Found a scroll of identify.
The phantom hits you but does no damage.
The wight moves out of view.
The sentinel's mark upon you fades away.
The phantom hits you but does no damage.
The sky beast flickers out of sight!
Deactivating autopickup; reactivate with Ctrl-A.
A wight comes into view. It is wielding a +0 great sword.
The phantom barely misses you. The phantom hits you.
The phantom blinks!
You blink.
A wight comes into view. It is wielding a +5 long sword.
As you read the scroll of silence, it crumbles to dust.
A profound silence engulfs you. The phantom hits you.
Something hits you but does no damage.
The phantom hits you but does no damage.
Something hits you but does no damage. The phantom hits you.
Something hits you but does no damage.
The phantom hits you but does no damage.
Something hits you but does no damage. The phantom hits you.
The phantom blinks!
You blink.
The phantom closely misses you. The iguana bites you. Something hits you.
* * * LOW HITPOINT WARNING * * *
Something shocks you.
* * * LOW HITPOINT WARNING * * *
The phantom barely misses you.
You completely miss the wight.
You headbutt the wight, but do no damage.
You closely miss the iguana. You hit something but do no damage.
You hit the wight. You hit the phantom but do no damage. The iguana bites you.
* * * LOW HITPOINT WARNING * * *
The wight hits you with a +4 dagger of flaming!
* * * LOW HITPOINT WARNING * * *
The wight burns you.
* * * LOW HITPOINT WARNING * * *
The wight barely misses you. You furiously retaliate!
You headbutt the wight. Something hits you.
You die...

. ...# .... #..###
.......+ ....>#
.......# ##..#.#
(.....# #.....
#....#####...#
♣#............#
.........lz...# .
..##....z.@W..#
....##)†.†)z....#.
#.....)<)........
#...#####....#..#
#......# #....#..#
#......# #....# .#
......... #....# #
......... .....#
......... .#.##


You could see a phantom, an iguana and 3 wights.

Vanquished Creatures
  A black bear (D:5)
  An ogre (D:4)
  A kobold brigand (D:6)
  2 phantoms (D:5)
  A bullfrog (D:6)
  A necrophage (D:4)
  5 scorpions
  A howler monkey (D:6)
  3 hounds
  A gnoll bouda (D:4)
  3 iguanas (D:5)
  An orc wizard (D:5)
  9 gnolls
  3 adders
  A shadow imp (D:5)
  An ufetubus (D:3)
  4 worms
  4 dart slugs
  15 orcs
  6 ball pythons
  4 endoplasms
  3 giant cockroaches
  6 goblins
  6 hobgoblins
  3 jackals (D:2)
  11 kobolds
  4 quokkas
  6 bats
  2 frilled lizards (D:2)
  10 rats
119 creatures vanquished.

Vanquished Creatures (others)
  A plant (D:4)
1 creature vanquished.

Grand Total: 120 creatures vanquished

Notes
Turn   | Place    | Note
-------+----------+-------------------------------------------
     0 | D:1      | melkoren the Minotaur Berserker began the quest for the
                  | Orb.
     0 | D:1      | Reached XP level 1. HP: 19/19 MP: 0/0
   235 | D:1      | Reached XP level 2. HP: 27/27 MP: 1/1
   557 | D:1      | Reached skill level 4 in Axes
  1601 | D:2      | Reached XP level 3. HP: 21/33 MP: 2/2
  1774 | D:2      | Reached ** piety under Trog
  2787 | D:3      | Reached XP level 4. HP: 40/40 MP: 3/3
  2797 | D:3      | Found an opulent altar of Gozag.
  2970 | D:3      | Found a faded altar of an unknown god.
  3422 | D:4      | Reached skill level 5 in Axes
  3422 | D:4      | Reached XP level 5. HP: 46/47 MP: 4/4
  3549 | D:4      | Reached XP level 6. HP: 52/55 MP: 5/5
  3581 | D:4      | Reached *** piety under Trog
  3630 | D:4      | Reached skill level 5 in Fighting
  3630 | D:4      | Reached skill level 6 in Axes
  3745 | D:4      | Found a shadowy altar of Dithmenos.
  4559 | D:4      | Found a staircase to the Ecumenical Temple.
  4712 | D:5      | Entered Level 5 of the Dungeon
  4726 | D:5      | Reached XP level 7. HP: 56/61 MP: 6/6
  4978 | D:5      | Found a bloodstained altar of Trog.
  5000 | D:5      | Reached skill level 7 in Axes
  5000 | D:5      | Reached skill level 5 in Armour
  5202 | D:5      | Reached skill level 5 in Dodging
  5202 | D:5      | Reached XP level 8. HP: 70/70 MP: 7/7
  5300 | D:5      | Reached skill level 8 in Axes
  5462 | D:6      | HP: 1/71 [wight/+4 dagger of flaming (3)]
  5462 | D:6      | Slain by a sky beast

Illustrated notes

Levels and vault maps discovered:
D:1:      dpeg_arrival_central, layout_basic, nicolae_eternal_life
D:2:      layout_basic
D:3:      layout_basic, grunt_gozag_statues, hellmonk_ecumenical_altar_blasted,
          kennysheep_path_1, st_stairs_2
D:4:      layout_gridville, mainiacjoe_overflow_alcove_2,
          lemuel_temple_firewalk_b, serial_forest,
          infiniplex_forest_clump_diagonal, infiniplex_forest_clump_double,
          infiniplex_forest_end_2, infiniplex_forest_clump_medium,
          infiniplex_forest_3_way, infiniplex_forest_end_3
D:5:      layout_rooms, trog_antimagical
D:6:      layout_basic, grunt_temple_overflow_open, portal_sewer_entry_e,
          nicolae_specific_store, chequers_serial_rivers_large_a

Skill      XL: |  1  2  3  4  5  6  7  8 |
---------------+-------------------------+-----
Fighting       | 4 5 6 |  6.5
Axes           | 4 5 6 7 8 |  8.4
Armour         | 3 4 5 6 |  6.0
Dodging        | 3 4 5 |  5.3

Action                   |  1- 3 |  4- 6 |  7- 9 || total
-------------------------+-------+-------+-------++-------
Melee: Hand axe          |   106 |    94 |    91 ||   291
       Headbutt          |    12 |    16 |    24 ||    52
       Punch             |       |       |     1 ||     1
Invok: Berserk           |       |     2 |     1 ||     3
  Use: Potion            |     4 |     1 |     1 ||     6
       Scroll            |     3 |     3 |     1 ||     7
Armor: Animal skin       |    16 |       |       ||    16
       Scale mail        |     4 |    28 |       ||    32
       Chain mail        |       |     3 |    67 ||    70
Dodge: Dodged            |    59 |    63 |    52 ||   174
